 Dungeon Crawl Stone Soup version 0.14-a0-1739-g6c2808e (webtiles) character file.

428 Kae the Insei (level 6, 0/47 HPs)
             Began as a Draconian Transmuter on Jan 3, 2014.
             Was an Initiate of Sif Muna.
             Killed from afar by Dowan (12 damage)
             ... with a shard of ice
             ... on Level 4 of the Dungeon.
             The game lasted 00:06:07 (3600 turns).

Kae the Insei (Draconian Transmuter)                Turns: 3600, Time: 00:06:08

HP   0/47        AC  9     Str 12      XL: 6   Next: 26%
MP  10/10        EV 12     Int 14      God: Sif Muna [......]
Gold 98          SH  0     Dex 13      Spells:  3 memorised,  3 levels left

rFire  . . .     SeeInvis .       - Unarmed
rCold  . . .     Clarity  .     (armour unavailable)
rNeg   . . .     Conserve .     (no shield)
rPois  .         rCorr    .     (helmet restricted)
rElec  .         rRot     .     (no cloak)
SustAb . .       Spirit   .     (no gloves)
rMut   .         Warding  .     o - +2 pair of boots
Saprov . . .     Stasis   .     (no amulet)
                                (no ring)
                                (no ring)

@: appendage, slightly resistant to hostile enchantments, unstealthy
A: unfitting armour, horns 2, AC +6
a: End Transformation, Renounce Religion


You were on level 4 of the Dungeon.
You worshipped Sif Muna.
Sif Muna was noncommittal.
You were hungry.
You had grown temporary horns.
You visited 2 branches of the dungeon, and saw 5 of its levels.

You collected 98 gold pieces.

Inventory:

Missiles
 b - 40 arrows
Armour
 o - a +2 pair of boots (worn)
Magical devices
 r - a wand of digging (8)
Comestibles
 a - 2 bread rations
 h - a honeycomb
 i - a meat ration
 m - a banana
 n - a choko
 s - an apple
Scrolls
 c - a scroll of immolation
 f - a scroll of enchant armour
 g - a scroll of teleportation
 l - 4 scrolls of identify
 v - a scroll of remove curse {unknown}
Potions
 j - a potion of flight {unknown}
 k - a potion of curing
 p - a potion of heal wounds {unknown}
 q - a potion of confusion {unknown}
 t - a potion of magic {unknown}
 u - a potion of resistance {unknown}
Books
 d - a book of Changes

   Spells                             Type                      Level
   *Beastly Appendage                 Transmutation                1
   *Sticks to Snakes                  Transmutation                2
   *Spider Form                       Transmutation/Poison         3
   Ice Form                           Ice/Transmutation            4
   Blade Hands                        Transmutation                5


   Skills:
 - Level 1.1 Fighting
 - Level 1.7 Dodging
 * Level 6.1 Unarmed Combat
 - Level 2.0 Spellcasting
 + Level 4.0 Transmutations


You had 3 spell levels left.
You knew the following spells:

 Your Spells              Type           Power        Failure   Level  Hunger
a - Beastly Appendage     Trmt           ##....       4%          1    ##.....
b - Sticks to Snakes      Trmt           ##........   10%         2    ###....
c - Spider Form           Trmt/Pois      #.........   30%         3    ####...


Dungeon Overview and Level Annotations

Branches:
Dungeon (4/16)             Temple (1/1) D:4

Altars:
Cheibriados
Elyvilon
Fedhas
Kikubaaqudgha
Makhleb
Nemelex Xobeh
Okawaru
Sif Muna
Trog
Vehumet
Xom
Zin

Annotations:
D:3 Jessica, Sigmund
D:4 Dowan, Purgy


Innate Abilities, Weirdness & Mutations

Your plain brown scales are hard (AC +6).*
Your body does not fit into most forms of armour.
Your cold-blooded metabolism reacts poorly to cold.
You have a pair of horns on your head.*


Message History

Dowan is lightly wounded.
Dowan barely misses you.
A jackal comes into view.
You hit Dowan. You headbutt Dowan!
Dowan is heavily wounded.
Dowan points at you and mumbles some strange words.
The shard of ice hits you!
* * * LOW HITPOINT WARNING * * *
You hit Dowan but do no damage. You tail-slap Dowan.
Dowan is heavily wounded.
Dowan hits you with an elven short sword.
* * * LOW HITPOINT WARNING * * *
Drink which item? (? for menu, Esc to quit)
You feel better. Dowan closely misses you.
You hit Dowan but do no damage. Your headbutt misses Dowan.
Dowan is heavily wounded.
Dowan barely misses you. Dowan gestures at you while chanting.
The shard of ice hits you!
You die...

.......)...# #.#
############ #.#
........# #.#
#######.# #.#
#.######.##
#..........
#..#####.##
#..#####.######
#.......he@...#
#.######.####.#
#.# #<.....#
#.######(########
#....).(........#
########.######.#
#e# #.# ..#


You could see Dowan and a jackal.

Vanquished Creatures
  Duvessa (D:4)
  2 orc wizards (D:4)
  Ijyb (D:4)
  Terence (D:2)
  7 adders
  3 worms
  4 giant geckos
  4 orcs
  2 ball pythons (D:2)
  6 bats
  12 hobgoblins
  4 jackals (D:1)
  3 kobolds (D:4)
  7 giant cockroaches
  8 giant newts
  15 goblins
  12 rats
92 creatures vanquished.

Notes
Turn   | Place    | Note
--------------------------------------------------------------
     0 | D:1      | Kae, the Draconian Transmuter, began the quest for the Orb.
     0 | D:1      | Reached XP level 1. HP: 16/16 MP: 3/3
   179 | D:1      | Reached XP level 2. HP: 20/23 MP: 4/4
  1050 | D:2      | Reached skill level 4 in Unarmed Combat
  1050 | D:2      | Reached XP level 3. HP: 23/28 MP: 4/6
  1200 | D:2      | Found a glowing silver altar of Zin.
  1205 | D:2      | Noticed an angel
  1207 | D:2      | Found a shimmering altar of Xom.
  1283 | D:2      | Reached XP level 4. HP: 25/35 MP: 5/7
  1559 | D:3      | Noticed Terence
  1747 | D:2      | Killed Terence
  1999 | D:3      | Reached skill level 5 in Unarmed Combat
  2028 | D:3      | Reached XP level 5. HP: 12/40 MP: 9/9
  2359 | D:3      | Noticed Jessica
  2359 | D:3      | Noticed Sigmund
  2426 | D:4      | Noticed a black bear
  2473 | D:4      | Noticed Purgy
  2539 | D:4      | Found a staircase to the Ecumenical Temple.
  2545 | Temple   | Entered the Ecumenical Temple
  2582 | Temple   | Became a worshipper of Sif Muna the Loreminder
  2735 | Temple   | Learned a level 2 spell: Sticks to Snakes
  2739 | Temple   | Learned a level 3 spell: Spider Form
  2898 | D:4      | Noticed Ijyb
  2926 | D:4      | Killed Ijyb
  3357 | D:4      | Noticed Duvessa
  3359 | D:4      | Noticed Dowan
  3389 | D:4      | Killed Duvessa
  3389 | D:4      | Reached skill level 6 in Unarmed Combat
  3389 | D:4      | Reached XP level 6. HP: 19/47 MP: 10/10
  3598 | D:4      | HP: 2/47 [Dowan/elven short sword (5)]
  3600 | D:4      | Killed from afar by Dowan

Action                   |  1- 3 |  4- 6 || total
-------------------------+-------+-------++-------
Melee: Unarmed           |   145 |   266 ||   411
 Cast: Beastly Appendage |     8 |    22 ||    30
  Use: Potion            |     1 |     2 ||     3
       Scroll            |       |    10 ||    10
